Workbook

Sheet Read me
A1: GENERAL INFOS
A2: Minor sustainable construction (30 credits, incl. 1 project, or > 30 if incl. a large or 2 projects)
A3: Courses to take in 3 domains | B3: Abbr. | C3: Nb. ECTS | E3: Remarks | F3: Latest added
A4: Systems Understanding: | B4: Sys | C4: min.5, ideally 8-10 | D4: human and ecosystem wellbeing | E4: In total, min. 24 credits in the 3 domains, and from the different sections (SAR, SGC, SSIE, SMX). For those taking a specialisation as well, courses cannot count for both. ** fewer courses available | F4: AR-434, remplaces AR-406 Restaurer, transformer et créer | H4: ENV-526 Climate & water urban design
A5: Technology and analytics: | B5: Tech | C5: min.5, ideally 8-10 | D5: energy, materials, spaces, design/assess, impacts, circularity | F5: AR-484 (3) BIM | G5: AR-449 Archi. and solar energy | H5: ENV-526 Climate & water urban design | I5: Not recommended (AR-435 (4) BIM approf.) | J5: CIVIL-466 Water resources manag | K5: CIVIL-407 Energy & comfort in buildings
A6: Societal integration & change: | B6: Soc | C6: min.5, ideally 6-8** | D6: governance, financing, political economy, power structures, stakeholder engagement | F6: AR-506, Sust. japanese archi. and landscape | J6: CIVIL-466 Water resources manag
A7: Project(s) | B7: Proj. | C7: 5 to 8* | D7: Interdisplinary project and/or summer workshop. Quid of CE project 1 ? | E7: *nb credits/ project is fct of the section (in SMX, 10 cr project). If 8 cr or more, then total has to be >30 credits. Larger interdisc. Projects, with students for different sections, are welcomed.
A9: 2 other minors in sustainability | C9: Coordinator | D9: Coordinator
A10: Sustainable construction minor | C10: SGC | D10: Prof. Alain Nussbaumer | E10: alain.nussbaumer@epfl.ch
A11: IDEAS Minor | C11: IA | D11: Dr. Sophie Lufkin | E11: ideas@epfl.ch
A12: Sustainability Minor | C12: SSIE | D12: Dr. Charlotte Vandenberghe | E12: charlotte.vandenberghe@epfl.ch

Sheet Courses
A1: N° | B1: Given (2026->) | C1: Course ID | D1: Domain | E1: Title | F1: Teacher1 | G1: Teacher2, 3, .. | H1: ECTS | I1: Semester | J1: Summary (for convenience; check official coursebook) | K1: Content (for convenience; check official coursebook) | L1: Prerequisites (for convenience; check official coursebook) | M1: Learning Outcomes (for convenience; check official coursebook) | N1: YOUR PRESELECTION WITH: X (below total nb of credits) | O1: Open to discuss/suggest interdisc. Projects
A2: 0 | C2: Select | N2: =SUMIF(N3:N39,"*x*",$H3:$H39) -> 3
A3: 1 | B3: Y | C3: AR-406 | D3: Sys | E3: Restaurer, transformer et créer - Pratiques (Restore, transform and create - Practices) | F3: C. Devaux | H3: 3 | I3: Autumn | J3: Intervenir dans l'existant nécessite méthodes et outils spécifiques. Leur maîtrise permet de comprendre ce qui est déjà là. Rendu intelligible par une étude patrimoniale, l'existant peut être réhabilité. La réhabilitation s'étend de la restauration à la création, en passant par la transformation. | K3: Patrimoine ; Déjà-là ; Existant ; Ressources ; Réhabilitation ; Restauration ; Transformation ; Création ; Relevé ; Diagnostic. | L3: None, mais cours donné en français | M3: Likely: analyze historical/technical materiality for conservation and preservation. | N3: X (example)
A4: 2 | B4: Y | C4: AR-496 | D4: Sys | E4: Behind/Beyond future cities | F4: Silvia Coccolo | G4: Dasaraden Mauree | H4: 3 | I4: Spring | J4: Tools to understand urban metabolism, climate, energy, and livability. | K4: Urban metabolism, climate principles, energy systems, thermal perception, renewable integration, microclimate measurement exercise. | L4: Basic physics knowledge | M4: Apply climate fundamentals, conduct microclimate experiments, analyze data for sustainable urban design.
A5: 5 | B5: Y | C5: CIVIL-534 | D5: Sys | E5: Computational systems thinking for sustainable engineering | F5: Andrew Sonta | H5: 4 | I5: Spring | J5: Systems thinking and network analysis for modeling complex civil/urban systems. | K5: Systems theory, system dynamics modeling, sustainability contexts, network analysis, decision tools. | L5: Required: CIVIL-226, math background, Python coding. | M5: Model complex systems, describe networks, apply network analysis, develop sustainability strategies.
A6: 6 | B6: Y | C6: CIVIL-486 | D6: Sys/Soc | E6: Integrated decision-making for buildings | F6: Giorgios Mavromatidis | H6: 3 | I6: Autumn | J6: This course addresses low-carbon buildings as a problem of integrated decision-making. Through cases, debates, and decision exercises, students learn to justify decisions at the energy-material nexus, navigating trade-offs, uncertainty, and competing technical, economic, and societal objectives | K6: - Solution spaces & contexts: energy aspects in buildings and districts, material and circularity strategies, objectives and trade-offs, policy and economic frameworks. - Tools for decision-making: life cycle costing, life cycle assessment, simulation, optimization, uncertainty analysis, and multi-criteria decision analysis. - Integration & futures: district and urban systems, actors and governance, business models, emerging technologies, and futures of decision-making. | L6: Basic knowledge of building physics and energy systems. Ability to interpret and manipulate quantitative data. Familiarity with sustainability concepts is recommended but not mandatory. | M6: Formulate low-carbon building and district challenges as decision problems, identifying what is being decided, by whom, and under what constraints. Analyze trade-offs between technical, economic, environmental, and societal objectives. Apply structured decision-support approaches to compare alternatives across energy and material strategies. Assess / Evaluate the role of uncertainty in building-related decisions and the robustness of recommendations. Defend a recommendation, in writing and orally, including its assumptions, limitations, and counterarguments.
A7: 7 | B7: Y | C7: ENV-409 | D7: Sys | E7: Air pollution | F7: B. Reimann | G7: S. Takahama | H7: 5 | I7: Autumn | J7: (formerly ENV-400) Survey of air pollution origins and impacts on climate. | K7: Pollutants, emissions, measurement, modeling, legislation, abatement strategies. | L7: Recommended: ENV-320 (chemistry of atomsphere); math, chemistry, programming background. | M7: Understand pollution sources, dynamics, and mitigation strategies.
A8: 8 | B8: Y | C8: ENV-501 | D8: Sys | E8: Material flow analysis and resource management | F8: Claudia R. Binder | G8: Felix Del Campo | H8: 4 | I8: Autumn | J8: Understanding material and energy flows and developing MFA for resource management. | K8: Material flow analysis (MFA) with applications to resource management, urban/regional metabolism, circular economy, modeling tools, and policy implications. Includes project-based component. | L8: Recommended: LCA Important: linear algebra, transport phenomena. | M8: Develop MFA models, critically reflect on material systems, draw policy implications, evaluate others’ modeling, plan and apply methods in projects.
A9: 9 | B9: Y | C9: ENV-526 | D9: Sys/Tech | E9: Climate and water sensitive urban design | F9: Manoli | H9: 4 | I9: Spring | J9: Introduction to designing climate- and water-resilient cities via nature-based solutions. | K9: Urban climate and hydrology; urban heat/dry islands, pollutant dynamics, runoff modeling, sustainable drainage, water-sensitive design. | L9: Modelisation, programming | M9: Explain urban climate/hydrology processes; quantify key physical phenomena; propose nature-based design interventions.
A10: 3 | B10: Y | C10: AR-410 | D10: Sys | E10: UE S : Foundations, basements, and the underground.materials | F10: S. Nichols | G10: David Ruggiero, Eva Ruof | H10: 4 | I10: Spring | J10: Interdisciplinary look at what is beneath structures and buildings. We will consider building foundations and basements as structures and material expenditure, while the spaces they create will be approached as essential parts of the city. | K10: Designed around a semester project that will help lay the basis for a Fall 2027 exhibition at Archizoom. Include: - visits to underground spaces in Lausanne, - guest lectures from experts, - introduction to archival work at the Acm | L10: Recommended; basic knowledge in geotechnics, foundations, concrete | M10: NA at this time
A11: 10 | B11: Y | C11: AR-439 | D11: Tech | E11: UE F: Architecture et réhabilitation | F11: Blaise Arlaud | G11: Katrin Beyer, Catarina Wall Gago, Peter Zurbrügg | H11: 4 | I11: Autumn | J11: Awareness of rehabilitation challenges in architecture, linked to sustainability. | K11: Case studies, analysis, diagnostics, holistic interventions, modeling validation. | L11: None | M11: Develop rehabilitation concepts, validate via modeling, establish diagnostics, argue and represent projects.
A12: 11 | B12: Y | C12: AR-497 | D12: Tech | E12: Building design in the circular economy | F12: Corentin Fivet | G12: Célia Küpfer | H12: 3 | I12: Autumn | J12: Explores circular economy principles applied to building design, focusing on reuse and disassembly. | K12: Strategies for minimizing ecological impact, material reuse, component versatility, disassembly; critical thinking approaches. | L12: None | M12: Critically evaluate and apply circular design strategies in architecture.
A13: 13 | B13: Y | C13: AR-484 | D13: Tech | E13: Introduction au BIM | F13: E. Hautecoeur | H13: 3 | I13: Autumn | J13: Initiation au BIM. Suivi de AR-435 BIM
A14: 14 | B14: Y | C14: AR-449 | D14: Tech | E14: Architecture and solar energy | F14: M. Munari-Probst | H14: 4 | I14: Spring | J14: Donner aux architectes les compétences nécessaires à choisir, pré-dimensionner et positionner les différents types de système solaires et produits (passifs et actifs) dans une approche globale qui considère en même temps composition architecturale et contraintes énergétiques | K14: Le cours examine (a) l'architecture, soit comment les contraintes énergétiques influencent la forme architecturale et l’intégration des technologies solaires, en abordant les exigences réglementaires, les performances selon les surfaces exposées et les produits du marché, avec des exemples pratiques et un projet de mémoire. Il couvre également (b) la technique: la géométrie solaire, les besoins énergétiques du bâtiment et les solutions solaires (passif, photovoltaïque, thermique), ainsi que les logiciels de dimensionnement des dispositifs. | L14: En français. | M14: - Choisir ou sélectionner une intervention/une solution et ses variantes - Concevoir une intervention / solution et ses variantes - Interpréter les résultats de manière critique
A15: 15 | B15: Y | C15: CIVIL-424 | D15: Tech | E15: Innovation for Construction and the Environment | F15: Dimitrios Terzis | H15: 3 | I15: Autumn | J15: Explores innovation in construction materials, productivity, sustainability. | K15: Materials ideation, AI/robotics/3D printing, AR, smart buildings, LCA, project-based learning. | L15: None | M15: Design innovative solutions, synthesize sustainability and technical knowledge, analyze impacts.
A16: 16 | B16: Y | C16: MSE-420 | D16: Tech | E16: Cementitious materials (advanced) | F16: Karen Scrivener | H16: 2 | I16: Autumn | J16: Topical topics in cementitious materials with group presentations. | K16: Structure/properties, hydration, supplementary materials, pore structure, durability, special cements, rheology. | L16: Required: MSE-322 Recommended: building materials course. | M16: Explain material behavior; interpret literature; analyze experimental techniques; evaluate ecological/economic options; design/present on a specialized topic.
A17: 17 | B17: Y | C17: MSE-466 | D17: Tech | E17: Wood structures, properties and uses | F17: F. Pichelin | H17: 2 | I17: Spring | J17: Focuses on anatomical structure and properties of European wood species for product development. | K17: Forest services, anatomical structures, property-structure-use relationships, wood modification, product development. | L17: None | M17: Explain forest services, describe anatomical structures, relate species-properties-uses, create wood-based products.
A18: 18 | B18: Y | C18: CIVIL-511 | D18: Tech | E18: Engineering of existing structures | F18: E. Denarié | G18: A. Nussbaumer | H18: 4 | I18: Autumn | J18: Diagnosis and retrofit of existing buildings and infrastructure with durability/safety focus. | K18: Assessment methods; retrofitting strategies; material degradation; load evaluation; case studies. | L18: Strongly recommended: structural analysis, reinforced concrete, steel design. | M18: Diagnose existing structures; propose retrofit strategies; evaluate safety; apply advanced engineering tools.
A19: 19 | B19: Y | C19: CIVIL-512 | D19: Tech | E19: Reinforced concrete structures – advanced topics | F19: D. Ruggiero | H19: 4 | I19: Spring | J19: advanced behavioural modelling of reinforced concrete through analytical and numerical methods. Builds on previous studies, deepens understanding mechanics of RC at the material, element, and structure level. | K19: Nonlinear finite element analysis, Failure criteria, Constitutive modelling | L19: Required: Structural mechanics (for GC), Continuum mechanics (for GC), Reinforced concrete structures Recommended: Nonlinear analysis of structures | M19: Apply advanced RC design methods; assess complex load cases; integrate durability and seismic considerations.
A20: 20 | B20: Y | C20: CIVIL-484 | D20: Tech | E20: Sustainable bituminous materials | F20: Martins Zaumanis | H20: 3 | I20: Autumn | J20: covers materials and technologies for sustainable asphalt pavements, including pavement design, recycling, and recent innovations like asphalt recycling, and low-temperature asphalt. | K20: Students gain skills to evaluate different solutions and lead efforts in sustainable pavement solutions | L20: Recommended courses MSE-100, Introduction to materials science | M20: • Critically assess asphalt pavement materials and technologies. • Design asphalt mixtures using conventional and performance testing criteria. • Evaluate causes of a pavement failure and provide adequate treatment solution. • Systematically select the most suitable means for reducing the environmental impact of asphalt materials in a given scenario.
A21: 21 | B21: Y | C21: MSE-433 | D21: Tech | E21: Towards sustainable materials | F21: Yves Leterrier | G21: Martyn Wakeman | H21: 4 | I21: Spring | J21: Focus on emerging and critical materials, and their sustainability modeling. | K21: Sustainability in materials engineering, impact assessment, LCA, monetary/mass flow analysis, material case studies. | L21: Required: none Recommended: MSE-341, ME-203, ME-516, ENV-510, ENV-501, ENV-370 | M21: Critically analyze material sustainability, assess environmental impacts, design sustainable material solutions.
A22: 22 | B22: Y | C22: MGT-427 | D22: Tech | E22: Project management and risk analysis | F22: Ph. Wieser | H22: 4 | I22: Autumn | J22: Principles and methods of project management with focus on risk analysis and decision-making. | K22: Project life cycle; planning & scheduling; cost estimation; resource allocation; project control; methods of risk analysis; decision trees; Monte Carlo simulation; case studies. | L22: Recommended: Basic probability/statistics | M22: Understand project life cycle; plan and control projects; apply risk analysis techniques; assess uncertainty in projects; communicate project evaluations.
A23: 23 | B23: Y | C23: ENV-524 | D23: Tech | E23: Risques hydrologiques et aménagements | F23: Christophe Ancey | H23: 3 | I23: Autumn | J23: Intro to statistical hydrology with risk management focus on mountain catchments. | K23: Risk management, hydrological risks, protection strategies, extreme value theory, rainfall-runoff models, hydraulics. | L23: Required: Elementary statistics Recommended: Python/Matlab, hydrology. | M23: Apply hydrological models, assess risks, interpret extreme value theory in hydrological contexts.
A24: 24 | B24: Y | C24: CIVIL-438 | D24: Tech | E24: Risk Analysis and Management | F24: R. Defert | H24: 2 | I24: Autumn | J24: Frameworks and techniques for risk identification, assessment, and management in civil/environmental engineering. | K24: Principles of risk management; risk identification; probabilistic risk analysis; decision-making under uncertainty; case studies of engineering systems. | L24: Probability and statistics background recommended. | M24: Apply risk analysis tools; identify risks in engineering projects; evaluate likelihood/impact; propose management strategies.
A25: 25 | B25: 2027-28 | C25: ENG-430 | D25: Tech | E25: Risk management | F25: Th. Meyer | H25: 2 | I25: Spring | J25: Short module on operational research tools for risk management. | K25: Decision analysis; optimization under uncertainty; stochastic models; introduction to reliability analysis. | L25: Probability, statistics, basic optimization methods. | M25: Apply OR techniques to risk problems; evaluate uncertainty in decision-making; solve simple stochastic optimization problems.
A26: 26 | B26: Y | C26: CIVIL-407 | D26: Tech | E26: Energy and comfort in buildings | F26: Favero Matteo | G26: Khovalyg Dolaana, Licina Dusan, Sonta Andrew James | H26: 5 | I26: Autumn | J26: Fundamentals of building energy demand, focusing on occupant comfort and well‑being, with discussion of energy‑comfort trade‑offs and prioritizations. | K26: The course covers core energy concepts, heat‑balance analysis, heating and cooling demand, and building‑envelope performance, while teaching simulation theory and a hands‑on project. It also explores indoor thermal comfort, air quality, ventilation, occupant behavior, and passive strategies such as solar gain, thermal mass, and natural ventilation. | L26: Important concepts to start course: - Heat transfer, psychometrics - Human comfort and indoor climate Recommended: - Elementary building physics - General physics: thermodynamics PHYS-106 - Fundamentals of indoor climate CIVIL-212 - Urban thermodynamics CIVIL-309 | M26: - Estimate heat flows and energy demand in buildings - Assess / Evaluate interactions between comfort needs of occupants, building envelope and HVAC systems - Interpret indoor environmental quality standards - Use building energy simulation software to assess energy and comfort performance of buildings
A27: 27 | C27: E4S-MGT450 | D27: Soc | E27: Technology, sustainability and public policy | F27: Michaël Aklin | H27: 4 | I27: Autumn | J27: Examines the interplay between technology, sustainability, and policymaking. | K27: Innovation and sustainability challenges; policy instruments; public vs. private roles; case studies in energy, transport, digitalization. | L27: None | M27: Understand sustainability–policy linkages; analyze case studies; assess policy tools; communicate effectively with stakeholders.
A28: 29 | B28: 2027/28 | C28: ENV-510 | D28: Soc | E28: Life cycle assessment in energy systems | F28: Manuele Domenico Margni | H28: 3 | I28: Autumn | J28: Introduces life cycle environmental impact assessment and applies it to energy conversion technologies. | K28: ISO 14040/44 framework, goal/scope definition, computational modeling, result interpretation, environmental hotspots in energy systems. | L28: None | M28: Apply LCA, model/quantify environmental impacts, interpret results, identify hotspots, present findings.
A29: 30 | B29: 2027/28 | C29: AR-465 | D29: Soc | E29: Habitat et développement urbain (Urban habitat and development) | F29: Hajji Kamil | H29: 3 | I29: Spring | J29: Centré sur les formes d'habitat des plus pauvres dans les pays du Sud et du Nord et les contextes de crises, en particulier les architectures d'urgence, le cours propose une analyse critique de l'urbanisation du monde au 21ème siècle. | K29: Evolution of urban habitats; policies and practices in urban planning; sustainability and livability; case studies. | L29: None mais donné en français. | M29: Analyze urban habitats; propose urban development strategies; evaluate housing and density solutions in sustainable contexts.
A30: 31 | B30: Y | C30: AR-489 | D30: Soc | E30: Sociologie urbaine (Urban sociology) | F30: Fiona Del Puppo | G30: Maxime Felder, Luca Pattaroni | H30: 3 | I30: Autumn | J30: Provides a sociological perspective on cities and urban life. | K30: Theories of urban sociology; social structures in cities; governance; urban inequalities; public spaces; case studies. | L30: None mais donné en français. | M30: Apply sociological frameworks to urban contexts; analyze social dynamics; critically assess urban governance and policies.
A31: 32 | B31: Y | C31: AR-506 | D31: Soc | E31: Sustainable japanese architecture and landscape | F31: I. Vogel Chevroulet | H31: 3 | I31: Spring | J31: focuses on the circulation of the imaginary between cultures and influence Japan had on major Western architects, landscape designers, painters and sculptors | K31: 1) seven lectures on the topic, 2) students (group work) propose a sustainable innovation grounded in a specific Japanese source of inspiration | L31: Recommended: Contemporary Japan MA1-MA2 | M31: Create a sustainable design based on a device or notion, Transpose a device or notion from a Japanese pre-modern context into a contemporary context, Compose traditional wood and stone devices with innovative contemporary design methods
A32: 33 | B32: Y | C32: CIVIL-466 | D32: Tech/soc | E32: Water resources engineering and management | F32: Bieri Martin Peter | G32: Perona Paolo, Zeimetz Fränz | H32: 5 | I32: Spring | J32: Designing and managing water systems to ensure sustainable use for both human and environmental needs. Engineering aspects:water quantity, quality, timing, distribution. Management: economic evaluation of water systems in the context of global changes and financial constraints. | K32: The course introduces water availability, security, and scarcity concepts, then examines uses, supply, and modeling of water resources under climate change, covering reservoir design, hydraulics, pumps, turbines, hydropower, drought/flood management, and environmental flow protection. It also teaches water allocation methods, engineering economics, and integrated water‑resource management—including water footprints, transboundary basins, ESG considerations, financing, and risk‑based decision making. | L32: Required: Hydrology, elementary fluid mechanics or hydraulics related courses | M32: - Assess / Evaluate and model water resources a vailabity at different scales. - Calculate different water needs. - Formulate an integrated and sustainable water management concept. - Design distribution networks and systems involving hydraulic machines. - Perform a basic economic analysis and assess the economic value of water projects. - Assess / Evaluate water issues in the current economic context using engineering economics tools. - Optimize the regulation of a watercourse with respect to human and environmental needs. - Implement time series analysis and modeling concepts to hydrologic data.
A33: 34 | B33: Y | C33: CIVIL-390 | D33: Proj. | E33: Interdisciplinary project in sustainability | F33: Corentin Fivet | G33: et coll. | H33: 5 | I33: Autumn | J33: Réutilisation, construction écologique et projet participatif.
A34: 35 | B34: Y | C34: PENS-490 | D34: Proj. | E34: ENAC Project | F34: Profs. divers | H34: 4 | I34: Autumn or Spring | J34: Le Projet ENAC est une mise en application, de manière interdisciplinaire, de connaissances de niveau master dans un projet académique | K34: Associer un projet MAKE, RebuiLT
A35: 36 | B35: Y | C35: PENS-491 | D35: Proj. | E35: Summer workshop | F35: Profs. divers | H35: 4 | I35: Atelier pendant l'été | J35: Le Summer workshop est une des formes d'enseignement du Projet ENAC. C'est une mise en application, de manière interdisciplinaire, de connaissances de niveau master dans un projet académique | L35: Prerequisite: motivation letter.
A36: 38 | B36: Y | C36: PENS-308 | D36: Proj. | E36: UEE ENAC BACHELOR - TRC LC3 Research Platform Fribourg | F36: P. Guaita | G36: R. Baur,E.Corres, D. Fernandez Ordonez | H36: 4 | I36: Spring | J36: The UE TRC-LC3 Research Platform Fribourg will develop prototypes of structural elements in textile reinforced concrete (TRC) and Limestone Calcined Clay Cement (LC3) concrete that allow the continuation of the TRC prototype pavilion started at EPFL in 2019. The UE will take place in EPFL Fribourg. | L36: None mais donné en français.
A37: 39 | B37: Y | C37: CIVIL-481/482 | D37: Proj. | E37: Larger interdisc. Project | F37: Profs. divers | H37: 8-10 | I37: Autumn or Spring | J37: Larger interdisc. Projects, with students for different sections, nb of credits ranging 8 to 10

Sheet Foglio1

Sheet Foglio2

Sheet Registration-form
B2: Minor in Sustainable Construction – Registration Form
B4: Deadline to register: begining of the second semester of the master program
B5: IMPORTANT: you must also register on IS-ACADEMIA
B7: STUDENT’S PERSONAL INFORMATION
B8: Last name | E8: TEST
B9: First name
B10: SCIPER
B11: E-mail address
B12: Section
B13: Current semester
B14: Beginning of minor (semester/year)
B15: Planned number of semesters to complete your Master cycle (excluding the PDM)
B18: COURSE SELECTION (if taken within a spe. cannot be listed here)
B19: Code (drop-down list) | C19: Course (automatic) | F19: Domain (auto) | G19: Credits (auto) | H19: Course period (auto) | I19: Planned semester (1,2,3,4)
B20: Select | C20: =VLOOKUP(B20,Courses!C$3:I$37,3,FALSE) -> #N/A | F20: =VLOOKUP(B20,Courses!C$3:I$37,2,FALSE) -> #N/A | G20: =IF(B20="Select","",VLOOKUP(B20,Courses!C$3:I$37,6,FALSE)) | H20: =VLOOKUP(B20,Courses!C$3:I$37,7,FALSE) -> #N/A
B21: Select | C21: =VLOOKUP(B21,Courses!C$3:I$37,3,FALSE) -> #N/A | F21: =VLOOKUP(B21,Courses!C$3:I$37,2,FALSE) -> #N/A | G21: =IF(B21="Select","",VLOOKUP(B21,Courses!C$3:I$37,6,FALSE)) | H21: =VLOOKUP(B21,Courses!C$3:I$37,7,FALSE) -> #N/A
B22: Select | C22: =VLOOKUP(B22,Courses!C$3:I$37,3,FALSE) -> #N/A | F22: =VLOOKUP(B22,Courses!C$3:I$37,2,FALSE) -> #N/A | G22: =IF(B22="Select","",VLOOKUP(B22,Courses!C$3:I$37,6,FALSE)) | H22: =VLOOKUP(B22,Courses!C$3:I$37,7,FALSE) -> #N/A
B23: Select | C23: =VLOOKUP(B23,Courses!C$3:I$37,3,FALSE) -> #N/A | F23: =VLOOKUP(B23,Courses!C$3:I$37,2,FALSE) -> #N/A | G23: =IF(B23="Select","",VLOOKUP(B23,Courses!C$3:I$37,6,FALSE)) | H23: =VLOOKUP(B23,Courses!C$3:I$37,7,FALSE) -> #N/A
B24: Select | C24: =VLOOKUP(B24,Courses!C$3:I$37,3,FALSE) -> #N/A | F24: =VLOOKUP(B24,Courses!C$3:I$37,2,FALSE) -> #N/A | G24: =IF(B24="Select","",VLOOKUP(B24,Courses!C$3:I$37,6,FALSE)) | H24: =VLOOKUP(B24,Courses!C$3:I$37,7,FALSE) -> #N/A
B25: Select | C25: =VLOOKUP(B25,Courses!C$3:I$37,3,FALSE) -> #N/A | F25: =VLOOKUP(B25,Courses!C$3:I$37,2,FALSE) -> #N/A | G25: =IF(B25="Select","",VLOOKUP(B25,Courses!C$3:I$37,6,FALSE)) | H25: =VLOOKUP(B25,Courses!C$3:I$37,7,FALSE) -> #N/A
B26: Select | C26: =VLOOKUP(B26,Courses!C$3:I$37,3,FALSE) -> #N/A | F26: =VLOOKUP(B26,Courses!C$3:I$37,2,FALSE) -> #N/A | G26: =IF(B26="Select","",VLOOKUP(B26,Courses!C$3:I$37,6,FALSE)) | H26: =VLOOKUP(B26,Courses!C$3:I$37,7,FALSE) -> #N/A
B27: Select | C27: =VLOOKUP(B27,Courses!C$3:I$37,3,FALSE) -> #N/A | F27: =VLOOKUP(B27,Courses!C$3:I$37,2,FALSE) -> #N/A | G27: =IF(B27="Select","",VLOOKUP(B27,Courses!C$3:I$37,6,FALSE)) | H27: =VLOOKUP(B27,Courses!C$3:I$37,7,FALSE) -> #N/A
B28: Select | C28: =VLOOKUP(B28,Courses!C$3:I$37,3,FALSE) -> #N/A | F28: =VLOOKUP(B28,Courses!C$3:I$37,2,FALSE) -> #N/A | G28: =IF(B28="Select","",VLOOKUP(B28,Courses!C$3:I$37,6,FALSE)) | H28: =VLOOKUP(B28,Courses!C$3:I$37,7,FALSE) -> #N/A
B29: Select | C29: =VLOOKUP(B29,Courses!C$3:I$37,3,FALSE) -> #N/A | F29: =VLOOKUP(B29,Courses!C$3:I$37,2,FALSE) -> #N/A | G29: =IF(B29="Select","",VLOOKUP(B29,Courses!C$3:I$37,6,FALSE)) | H29: =VLOOKUP(B29,Courses!C$3:I$37,7,FALSE) -> #N/A
B30: Select | C30: =VLOOKUP(B30,Courses!C$3:I$37,3,FALSE) -> #N/A | F30: =VLOOKUP(B30,Courses!C$3:I$37,2,FALSE) -> #N/A | G30: =IF(B30="Select","",VLOOKUP(B30,Courses!C$3:I$37,6,FALSE)) | H30: =VLOOKUP(B30,Courses!C$3:I$37,7,FALSE) -> #N/A
C31: Total nb of credits | G31: =+SUM(G20:G30) -> 0
C32: Please create a PDF of this form and send it to the coordinator (you will then get an invitation to sign it electronically from sign.epfl.ch)
B33: Student: date and signature | F33: Coordinator: date and signature
B36: With all signatures, please email this form to the secretariat of your section with the minor coordinator in cc:
